woodfighter, lawful female giant Samurai ............................*............................................... ................%%.......................................................... ........-----..................................................----- ........| |....%.............................................| ........| ---..}..--+------------------------------+-- --- ........--- |.....| |....|....|[[[[| ..........| ------- .%@|....|[[[[| ..........--- ----+----@-|-------|-+------ ............| |}........................}| ............| +..........................+ ..........<.| +..........................+ ............| |}........................}| ..........--- ------+-+-------+-+----+---- ..........| .......^--- ........| ........| ........- ........ ........ woodfighter the Samurai Experience level: 16 Strength: 18/09 Dexterity: 17 Constitution: 20 Intelligence: 9 Wisdom: 10 Charisma: 8 Health: 0(133) Energy: 53(53) Def: 28 Gold: 0 Moves: 39946 Dungeon seed [set]: Game ID: woodfighter_1679685871 Your Inventory: Amulets B - an uncursed rusty amulet of reflection (being worn) Weapons a - a blessed very rusty +0 katana (weapon in hand) c - 8 uncursed +0 shuriken e - 10 blessed +1 shuriken k - 9 blessed +0 shuriken x - 11 blessed +0 shuriken Q - 7 blessed rusty +2 shuriken (in quiver) T - 7 blessed +3 shuriken Y - 2 blessed rusty +1 shuriken Armor j - an uncursed +0 pair of jumping boots (being worn) u - an uncursed +1 elven shield (being worn) A - a blessed rusty +2 dented pot (being worn) F - an uncursed +1 elven cloak (being worn) X - a blessed +0 pair of yugake Comestibles l - 4 uncursed gunyoki Z - an uncursed lizard corpse Rings K - an uncursed ring of invisibility (on left hand) Wands d - an uncursed wand of sleep (0:4) f - an uncursed wand of teleportation (0:6) g - an uncursed wand of fire (0:5) h - an uncursed rusty wand of digging (0:5) Tools b - an uncursed stethoscope m - an uncursed magic lamp (lit) q - an uncursed -4 unicorn horn s - an uncursed kaban w - an uncursed rusty +0 pick-axe y - an uncursed sturdy key W - an uncursed towel Gems r - a blessed luckstone Boulders/Statues z - an uncursed boulder G - an uncursed boulder H - an uncursed boulder N - an uncursed boulder Contents of the kaban: 11000 gold pieces an uncursed eucalyptus leaf an uncursed sprig of wolfsbane a [uncursed] scroll of blank paper a [uncursed] spellbook of blank paper a [uncursed] spellbook of turn undead a [uncursed] potion of gain ability a [uncursed] potion of paralysis an uncursed ring of levitation a [uncursed] ring of slow digestion a [uncursed] magic marker [0:64] a [uncursed] magic marker [0:90] a [uncursed] oil lamp [0:1365] a [uncursed] oil lamp [0:1226] Spells and supernatural/magical abilities: Name Level Category Fail Memory a - restore ability 4 healing 100% 42% W - pray for help -- divine ? -- Y - supernatural jump -- ability ? -- Your skills at the end: Miscellaneous Skills martial arts [Basic] shield [Skilled] wands [Basic] Weapon Skills short sword [Basic] katana [Expert] bow [Basic] sling [Basic] shuriken [Expert] Spellcasting Skills Final Attributes: You were fervently aligned. You were fire resistant. You were sleep resistant. You were disintegration-resistant. You were poison resistant. You saw invisible. You were telepathic. You had infravision. You were invisible to others. You were stealthy. You could jump. You were protected. You were fast. You had reflection. You were lucky. You had extra luck. Good luck did not time out for you. You are dead. Vanquished creatures: Croesus 3 elder red dragons 2 elder yellow dragons a gray dragon 2 red dragons an orange dragon a yellow dragon a young gray dragon a young silver dragon a young red dragon a young black dragon 3 Olog-hai a trapper 28 baby red dragons 18 baby yellow dragons 2 captains a lich a clay golem 2 nurses 3 vampires a ghost 4 lieutenants 2 samurai a queen bee 2 mind flayers 4 giant mimics a fire giant 3 ogre kings an Elvenking an umber hulk 2 flesh golems 2 large mimics a wumpus 4 long worms 9 stalkers an air elemental a water elemental a giant mummy 5 elf-lords a giant zombie 3 sergeants a vrock 2 wargs a winter wolf 4 quantum mechanics 18 small mimics 2 warhorses a xan 2 electric eels 2 ettin mummies 3 ogre lords 12 trolls 2 brown bears a werebear 3 pyrolisks a large dog 3 stinking spheres 2 freezing spheres a flaming sphere 2 large cats a tiger 2 gargoyles 2 dwarf kings a tengu a gelatinous cube an ochre jelly a chameleon 2 leocrottas an energy vortex 2 mountain centaurs 3 elf mummies a red naga a cobra 5 black bears 2 wraiths an ettin zombie a leather golem 54 soldiers a succubus 2 incubi 2 giant beetles 3 cockatrices 49 wolves 8 winter wolf cubs a panther 2 gremlins a leprechaun 2 quivering blobs a spotted jelly 6 lizards 4 orc-captains a giant spider a scorpion 2 iron piercers 2 horses 4 ice vortices 4 vampire bats 3 forest centaurs 5 gnome kings 2 giant eels 2 orc mummies a dwarf mummy a brown pudding 9 Green-elves 4 rust monsters 4 owlbears a yeti 2 gold golems a werewolf 12 ninja 7 chickatrices 3 dogs a dingo a housecat a dwarf lord a blue jelly 3 water nymphs a black unicorn 4 dust vortices 3 ravens 2 plains centaurs 4 gnome mummies a Woodland-elf 15 pit vipers 7 apes 4 rope golems 15 soldier ants 2 yellow lights 11 bugbears 3 imps 5 wood nymphs 2 Mordor orcs 17 Uruk-hai an orc shaman 3 rock moles 3 rock piercers 3 ponies 4 fog clouds a shrieker 7 violet fungi 12 gnome lords 8 gnomish wizards 4 kobold mummies a golden naga hatchling 2 guardian naga hatchlings 2 gray oozes 2 elf zombies 5 ghouls a straw golem 13 giant ants 11 floating eyes a kitten 8 dwarves 5 homunculi 10 quasits a kobold lord 5 iguanas 26 hill orcs 13 rothes 3 centipedes 3 jitterbugs 4 monkeys 2 orc zombies 5 dwarf zombies a wererat a werejackal 45 killer bees 14 coyotes 6 gas spores 3 hobbits 5 acid blobs 6 large kobolds 8 geckos 16 hobgoblins 13 giant rats 12 cave spiders 7 brown molds 2 yellow molds a green mold 2 red molds 49 gnomes 13 garter snakes 12 manes 4 gnome zombies 8 jackals 2 foxes 3 kobolds 9 newts 12 goblins 5 sewer rats 21 grid bugs 8 bats 3 lichens 3 kobold zombies 988 creatures vanquished. Voluntary challenges: You did not cause conflict. You were not displaced. You had been an atheist until turn 2717. You donated to temples 7 times (receiving 9 points of protection), starting on turn 18365. You received temple protection 7 times, starting on turn 18365. You used a wielded weapon 2532 times, starting on turn 2. You did not use plumbed fixtures. You read items or engraved 16 times, starting on turn 3494. You never genocided any monsters. You never polymorphed an object. You changed form 1 time, starting on turn 13580. You completed Sokoban on turn 6005, according to the rules. You used no wishes. You did not wear or wield any artifacts. You did not apply or invoke any artifacts. You never split a pudding. You never wrote Elbereth's name. You violated bushido, losing 2 points of alignment, starting on turn 18837. You enabled loading special bones files. Dungeon overview: The Dungeons of Doom: levels 1 to 25 Level 1 a fountain a long staircase Level 2 a vault, some fountains Level 3 a potion shop Level 4 a vault stairs to The Gnomish Mines Level 5 Level 6 many fountains Level 7 a delicatessen, some fountains stairs to Sokoban Level 8 an armor shop, a sink Level 9 (white unicorn) an armor shop Level 10 some fountains Level 11 some fountains Level 12 a general store Level 13 a sink portal to The Quest Level 14 a sink Level 15 (rogue) Level 16 a vault, a wand shop portal to Fort Ludios Level 17 an empty vault, a fountain Level 18 (white u) Level 19 (white u) some fountains Level 20 (water) a vault, some fountains, a sink Level 21 an empty vault, an armor shop Level 22 a fountain Level 23 (red dragon hall) a vault, a fountain Level 24 some fountains, a throne Level 25 The Gnomish Mines: levels 5 to 12 Level 5 stairs to The Dungeons of Doom Level 6 Level 7 Level 8 some shops, a temple to Susanowo, a magic chest, some fountains Level 9 Level 10 Level 11 Level 12 a magic chest, some fountains The Quest: levels 1 to 3 Level 1 a magic chest portal to The Dungeons of Doom Level 2 Level 3 <- You were here Sokoban: levels 3 to 6 Level 3 a magic chest Level 4 Level 5 Level 6 an altar to Amaterasu Omikami, a magic chest stairs to The Dungeons of Doom Fort Ludios: Level 1 a magic chest, a bench, a throne portal to The Dungeons of Doom History has recorded: On T:1 you entered the Dungeons of Doom to retrieve the Amulet of Yendor! On T:227 you reached level 2 of The Dungeons of Doom. On T:513 you reached level 3 of The Dungeons of Doom. On T:603 you advanced to experience level 2. On T:897 you advanced to experience level 3. On T:949 you reached level 4 of The Dungeons of Doom. On T:1195 you advanced to experience level 4. On T:1233 you reached level 1 of The Gnomish Mines. On T:1265 you reached level 5 of The Dungeons of Doom. On T:1360 you reached level 6 of The Dungeons of Doom. On T:1762 you advanced to experience level 5. On T:1843 you reached level 7 of The Dungeons of Doom. On T:2327 you reached level 4 of Sokoban. On T:2344 you advanced to experience level 6. On T:2424 you reached level 8 of The Dungeons of Doom. On T:2555 you reached level 10 of The Dungeons of Doom. On T:2717 you prayed to Amaterasu Omikami. On T:2720 you advanced to experience level 7. On T:2825 you advanced to experience level 8. On T:2841 you reached level 9 of The Dungeons of Doom. On T:3492 you opened a magic chest. On T:3910 you reached level 3 of Sokoban. On T:4495 you reached level 2 of Sokoban. On T:5161 you reached level 1 of Sokoban. On T:6005 you advanced to experience level 9. On T:6005 you entered the Sokoban zoo. On T:6546 you reached level 2 of The Gnomish Mines. On T:7117 you reached level 3 of The Gnomish Mines. On T:8026 you reached level 4 of The Gnomish Mines. On T:8402 you entered the Minetown temple On T:8577 you reached level 5 of The Gnomish Mines. On T:8985 you reached level 6 of The Gnomish Mines. On T:9264 you reached level 7 of The Gnomish Mines. On T:10072 you reached level 8 of The Gnomish Mines. On T:10072 you reached the bottom of the Mines. On T:10087 you advanced to experience level 10. On T:13039 you reached level 11 of The Dungeons of Doom. On T:13370 you reached level 12 of The Dungeons of Doom. On T:13736 you reached level 13 of The Dungeons of Doom. On T:13859 you reached level 14 of The Dungeons of Doom. On T:13908 you reached level 1 of The Quest. On T:14300 you reached level 15 of The Dungeons of Doom. On T:14300 you entered the Rogue tribute level. On T:14738 you reached level 16 of The Dungeons of Doom. On T:15158 you reached level 17 of The Dungeons of Doom. On T:16580 you reached level 18 of The Dungeons of Doom. On T:17108 you reached level 19 of The Dungeons of Doom. On T:19303 you reached level 20 of The Dungeons of Doom. On T:19901 you reached level 21 of The Dungeons of Doom. On T:20316 you reached level 22 of The Dungeons of Doom. On T:20334 you advanced to experience level 11. On T:20875 you reached level 23 of The Dungeons of Doom. On T:23975 you advanced to experience level 12. On T:23989 you reached level 24 of The Dungeons of Doom. On T:24388 you prayed to Amaterasu Omikami. On T:24555 you reached level 25 of The Dungeons of Doom. On T:25083 you prayed to Amaterasu Omikami. On T:29129 you prayed to Amaterasu Omikami. On T:31396 you reached Fort Ludios. On T:34434 you advanced to experience level 13. On T:34434 you advanced to experience level 14. On T:34680 you prayed to Amaterasu Omikami. On T:34757 you prayed to Amaterasu Omikami. On T:34838 you prayed to Amaterasu Omikami. On T:34949 you prayed to Amaterasu Omikami. On T:35114 you prayed to Amaterasu Omikami. On T:35171 you prayed to Amaterasu Omikami. On T:35774 you advanced to experience level 15. On T:35925 you killed Croesus in Fort Ludios. On T:37030 you advanced to experience level 16. On T:38039 you embarked upon an epic quest. On T:38039 you unlocked the permanent-greasy-fingers option by qualifying for the Samurai quest. On T:39081 you reached level 2 of The Quest. On T:39352 you reached level 3 of The Quest. Score breakdown: Gold: 11000 ( 1100 points) Experience: 16 levels ( 1500 points) Exploration: 25 levels ( 720 points) Discoveries: 67 items ( 2000 points) Variety of kills: 194 monsters ( 2000 points) Major goal: Sokoban/Mines ( 1500 points) Survival: died (score multiplied by 3) Total score: 26460 Latest messages: The samurai swings his tsurugi at you. The samurai slashes you! You hack the samurai! The samurai swings his tsurugi at you. The samurai slashes you! The samurai swings his tsurugi at you. The samurai hacks you! You slash the samurai! The samurai swings his tsurugi at you. The samurai hacks you! The samurai swings his tsurugi at you. The samurai slashes you! You hack the samurai! The samurai swings his tsurugi at you. The samurai hacks you! The samurai swings his tsurugi at you. The samurai misses. You slash the samurai! The samurai swings his tsurugi at you. The samurai hacks you! The samurai swings his tsurugi at you. The samurai slashes you! The samurai swings his tsurugi at you. The samurai hacks you! The samurai swings his tsurugi at you. The samurai slashes you! You die... Final status: Sayonara woodfighter the Samurai, killed by a samurai... You died in The Quest on dungeon level 3 with 26460 points, and 11000 pieces of gold, after 39946 moves. You were level 16 with a maximum of 133 hit points when you died.